 Dungeon Crawl Stone Soup version 0.27-a0-1595-g0b823d0a13 (webtiles) character file.

Game seed: 15731267899844872009

278 zazu2006 the Magician (level 6, -6/50 HPs)
             Began as a Naga Hedge Wizard on July 20, 2021.
             Mangled by a phantom (9 damage)
             ... on level 3 of the Dungeon.
             The game lasted 00:09:44 (3770 turns).

zazu2006 the Magician (Naga Hedge Wizard)           Turns: 3770, Time: 00:09:45

Health: -6/50      AC:  3    Str: 13    XL:     6   Next: 26%
Magic:  0/12       EV:  9    Int: 16    God:
Gold:   115        SH:  0    Dex: 10    Spells: 5/14 levels left

rFire    . . .     SeeInvis +   h - +1 dagger (holy)
rCold    . . .     Faith    .   (no shield)
rNeg     . . .     Spirit   .   k - +0 leather armour
rPois    +         Reflect  .   c - +0 hat
rElec    .         Harm     .   (no cloak)
rCorr    .         Rampage  .   (no gloves)
Will     .....                  (no barding)
Stlth    ++........             (no amulet)
HPRegen  0.16/turn              (no ring)
MPRegen  0.13/turn              (no ring)

@: very slow
A: AC +2, large, see invisible, deformed body, poison resistance, slowness 2,
spit poison 1, naga tail 1
a: Spit Poison


You were on level 3 of the Dungeon.
You visited 1 branch of the dungeon, and saw 3 of its levels.

You collected 115 gold pieces.

Inventory:

Hand Weapons
 a - a +0 long sword
 b - a +3 spectral club
 h - a +1 dagger of holy wrath (weapon)
Armour
 c - a +0 hat (worn)
 k - a +0 leather armour (worn)
Scrolls
 f - a scroll of magic mapping {unknown}
 i - 2 scrolls of identify {unknown}
Potions
 d - 2 potions of flight
 e - a potion of attraction


   Skills:
 + Level 0.7 Fighting
 - Level 1.6(1.7) Short Blades
 + Level 0.3(1.1) Long Blades
 + Level 0.1 Armour
 + Level 1.8 Dodging
 + Level 4.5 Stealth
 + Level 4.5 Spellcasting
 + Level 2.6 Conjurations
 + Level 1.0 Summonings
 + Level 1.0 Translocations
 + Level 0.1 Air Magic
 * Level 2.2 Poison Magic


You had 5 spell levels left.
You knew the following spells:

 Your Spells              Type           Power      Damage    Failure   Level
a - Magic Dart            Conj           48%        1d5       7%          1
b - Mephitic Cloud        Conj/Pois/Air  8%         N/A       30%         3
c - Conjure Flame         Conj/Fire      7%         6-21      34%         3
d - Blink                 Tloc           N/A        N/A       21%         2

Your spell library contained the following spells:

 Spells                   Type           Power      Damage    Failure   Level
 Call Imp                 Summ           6%         N/A       21%         2
 Slow                     Hex            3%         N/A       30%         2


Dungeon Overview and Level Annotations

Branches:
Dungeon (3/15)

Altars:

Annotations:
D:3 Grinder


Innate Abilities, Weirdness & Mutations

Your serpentine skin is tough. (AC +2)
You have supernaturally acute eyesight. (SInv)
Armour fits poorly on your strangely shaped body.
Your system is resistant to poisons. (rPois)
You cover ground very slowly.
You can spit poison.
You have a snake-like lower body.


Message History

The magic dart hits the phantom but does no damage.
The phantom is severely damaged.
Casting: Magic Dart (safe; 7% risk of failure)
Confirm with . or Enter, or press ? or * to list all spells.
Aiming: Magic Dart (safe; 7% risk of failure)
Press: ? - help, Shift-Dir - straight line, f/p - phantom
Aim: a phantom (severely damaged, 100% to hit)
The magic dart hits the phantom.
The phantom is severely damaged.
Casting: Magic Dart (safe; 7% risk of failure)
Confirm with . or Enter, or press ? or * to list all spells.
Aiming: Magic Dart (safe; 7% risk of failure)
Press: ? - help, Shift-Dir - straight line, f/p - phantom
Aim: a phantom (severely damaged, 100% to hit)
You miscast Magic Dart.
You are very lightly contaminated with residual magic.
Nothing appears to happen.
You hit the phantom.
The phantom convulses.
The phantom is almost destroyed.
The phantom hits you!
* * * LOW HITPOINT WARNING * * *
It was a potion of attraction.
You feel attractive to monsters. The phantom hits you.
* * * LOW HITPOINT WARNING * * *
The phantom blinks!
You blink.
Unknown command.
It was a potion of cancellation.
Your magical effects are unravelling.
You feel magically purged.
Your magical contamination has completely faded away.
The phantom barely misses you.
You feel less attractive to monsters.
Casting: Magic Dart (safe; 7% risk of failure)
Confirm with . or Enter, or press ? or * to list all spells.
You blink.
You aren't carrying any items that you can evoke.
As you read the scroll labelled REUSYSKYIG, it crumbles to dust.
The scroll dissolves into smoke.
It was a scroll of fog.
The phantom hits you!
You die...

#.#.##.# ##### # ##.#.#.##.# #
##...#####.##.#.#.##.#
#.#.§§.......##.#.#.##.#
###...§§..§...............
#.....§§§@................
#.#....§§W§.......#.#.##..
#.#...§§§§§...............
#.#...§§§.§.........#.#...
#)#........§........#.#...
#####.#............##...#.#...
#...))......####'#.##...#.#...
#.###.#.................#.....
#.#..##.##...#.##...#.#...


You could see a phantom.

Vanquished Creatures
  A black bear (D:2)
  A jelly (D:3)
  Jessica (D:3)
  An orc wizard (D:3)
  3 adders
  3 orcs (D:3)
  6 endoplasms
  6 giant cockroaches
  9 goblins
  4 hobgoblins
  13 jackals
  3 quokkas (D:1)
  6 ball pythons (D:1)
  3 bats
  3 frilled lizards
  5 kobolds
  A rat (D:1)
69 creatures vanquished.

Vanquished Creatures (others)
  A plant (D:3)
1 creature vanquished.

Grand Total: 70 creatures vanquished

Notes
Turn   | Place    | Note
-------+----------+-------------------------------------------
     0 | D:1      | zazu2006 the Naga Hedge Wizard began the quest for the Orb.
     0 | D:1      | Reached XP level 1. HP: 15/15 MP: 4/4
   270 | D:1      | Reached XP level 2. HP: 22/22 MP: 1/6
  1039 | D:1      | Reached XP level 3. HP: 25/28 MP: 0/8
  1043 | D:1      | Learned a level 3 spell: Mephitic Cloud
  1047 | D:1      | Learned a level 3 spell: Conjure Flame
  1050 | D:1      | Learned a level 2 spell: Blink
  1693 | D:2      | Noticed a black bear
  1768 | D:2      | Killed a black bear
  1769 | D:2      | Reached skill level 1 in Short Blades
  1769 | D:2      | Reached skill level 1 in Poison Magic
  1769 | D:2      | Reached XP level 4. HP: 25/36 MP: 1/10
  1769 | D:2      | Reached XP level 5. HP: 29/42 MP: 1/11
  2928 | D:3      | Found a faded altar of an unknown god.
  3389 | D:3      | Noticed Grinder
  3413 | D:3      | Noticed Jessica
  3433 | D:3      | Killed Jessica
  3434 | D:3      | Reached XP level 6. HP: 44/50 MP: 6/12
  3766 | D:3      | HP: 2/50 [phantom (1)]
  3770 | D:3      | Mangled by a phantom

Illustrated notes

Levels and vault maps discovered:
D:1:      dpeg_arrival_tiny_i, layout_basic, st_stairs_2
D:2:      layout_basic, hangedman_decor_riveting
D:3:      layout_basic, shapermc_ecumenical_altar_mp_ritualfount,
          minmay_between, uniq_grinder, uniq_jessica

Skill      XL: |  1  2  3  4  5 |
---------------+----------------+-----
Short Blades   | 1 |  1.6
Spellcasting   | 4 |  4.5
Conjurations   | 2 |  2.6
Poison Magic   | 1 2 |  2.2
Stealth        | 4 |  4.5
Fighting       | |  0.7
Long Blades    | |  0.3
Armour         | |  0.1
Dodging        | |  1.8
Summonings     | |  1.0
Translocations | |  1.0
Air Magic      | |  0.1

Action                   |  1- 3 |  4- 6 || total
-------------------------+-------+-------++-------
Melee: Dagger            |    14 |    10 ||    24
       Long sword        |       |    16 ||    16
 Cast: Magic Dart        |    80 |    98 ||   178
       Mephitic Cloud    |     2 |     1 ||     3
       Blink             |       |     3 ||     3
 Abil: Spit Poison       |    18 |     6 ||    24
  Use: Potion            |     1 |     2 ||     3
       Scroll            |       |     1 ||     1
 Stab: Confused          |     2 |       ||     2
       Sleeping          |       |     1 ||     1
Armor: Robe              |    12 |     9 ||    21
       Leather armour    |       |     3 ||     3
Dodge: Dodged            |    22 |    31 ||    53
       Rpst.: Long sword |       |     7 ||     7

Table legend: (Time is in decaauts)
 A = Elapsed time spent in this place.
 B = Non-inter-level travel time spent in this place.
 C = Inter-level travel time spent in this place.
 D = Time resting spent in this place.
 E = Time spent auto-exploring this place.
 F = Levels seen in this place.
 G = Mean time per level.
                   A        B        C        D        E       F      G
               +--------+--------+--------+--------+--------+-----+--------+
         Total |   4377 |   4247 |    130 |     84 |   3585 |   3 | 1459.0 |
       Dungeon |   4377 |   4247 |    130 |     84 |   3585 |   3 | 1459.0 |
               +--------+--------+--------+--------+--------+-----+--------+

Top non-repeatable levels by time:
     D:1: 1755 daAuts
     D:2: 1533 daAuts
     D:3: 1088 daAuts
